Description

Build zum trainieren der ersten 4,5 Minuten mit dem neuen Patch und Nexus first.

Build Order

Get SALT Encoding   

  11  0:33  Pylon  
  16  1:24  Nexus  
  16  1:34  Gateway  
  17  1:42  Assimilator  
  17  1:49  Assimilator  
  17  1:56  Pylon  
  20  2:22  Cybernetics Core  
  24  3:00  Stargate  
  29  3:30  Oracle  
  29  3:37  Gateway  
  31  3:48  Pylon  
  33  4:00  Gateway x2  
  37  4:33  Nexus  
Spawning Tool Build Advisor. Get it on Overwolf

Go to:

Details

  • Created by: el_gran_salamanca
  • Published on: Aug 05, 2026
  • Modified on: Aug 05, 2026
  • Patch: 5.0.16
  • Difficulty: Medium
Show
View Real Time Build Order
Export as new Build Order

Comments (0)

There are no comments. Be the first!

Create an account to comment!